 Dungeon Crawl Stone Soup version 0.32-a0-699-g1ee5eff69a (webtiles) character file.

Game seed: 7739966652537694994

116 BeKind the Chiller (level 5, -3/31 HPs)
             Began as an Octopode Ice Elementalist on Mar 14, 2024.
             Slain by an orc
             ... wielding a +0 mace
              (5 damage)
             ... on level 3 of the Dungeon.
             The game lasted 00:03:08 (2368 turns).

BeKind the Chiller (Octopode Ice Elementalist)      Turns: 2368, Time: 00:03:09

Health: -3/31      AC:  1    Str:  7    XL:     5   Next: 1%
Magic:  6/9        EV: 12    Int: 20    God:
Gold:   63         SH:  0    Dex: 12    Spells: 4/10 levels left

rFire   . . .        b - +0 dagger
rCold   . . .        (no shield)
rNeg    . . .        (helmet restricted)
rPois   .            (no amulet)
rElec   .            (no ring)
rCorr   .            (no ring)
SInv    .            (no ring)
Will    .....        (no ring)
Stlth   +++          (no ring)
HPRegen 0.25/turn    (no ring)
MPRegen 0.11/turn    (no ring)
                     (no ring)

%: no passive effects
@: no status effects
A: almost no armour, amphibious, 8 rings, camouflage 1, gelatinous body 1,
(nimble swimmer 1), tentacles
a: no special abilities


You were on level 3 of the Dungeon.
You visited 1 branch of the dungeon, and saw 3 of its levels.

You collected 63 gold pieces.

Inventory:

Hand Weapons
 b - a +0 dagger (weapon)
Scrolls
 e - a scroll of identify {unknown}
 f - a scroll of fog {unknown}
 g - 2 scrolls of teleportation {unknown}
 k - a scroll of immolation {unknown}
Potions
 a - 2 potions of magic
 c - 3 potions of curing {unknown}
 d - a potion of experience {unknown}
 h - a potion of berserk rage {unknown}
 i - a potion of lignification {unknown}
 j - 3 potions of attraction {unknown}
 l - a potion of ambrosia {unknown}


   Skills:
 + Level 3.3 Dodging
 - Level 3.0 Stealth
 + Level 3.0 Spellcasting
 + Level 4.7 Ice Magic


You had 4 spell levels left.
You knew the following spells:

 Your Spells              Type           Power      Damage    Failure   Level
a - Freeze                Ice            88%        1d9       1%          1
b - Ensorcelled Hibernat  Hex/Ice        24%        N/A       9%          2
c - Frozen Ramparts       Ice            44%        1d7       6%          3

Your spell library contained the following spells:

 Spells                   Type           Power      Damage    Failure   Level
 Ozocubu's Armour         Ice            22%        N/A       6%          3
 Summon Ice Beast         Ice/Summ       12%        N/A       16%         3
 Fugue of the Fallen      Necr           3%         N/A       38%         3
 Anguish                  Hex/Necr       1%         N/A       80%         4


Dungeon Overview and Level Annotations

Branches:
Dungeon (3/15)

Altars:

Shops:
D:1 [


Innate Abilities, Weirdness & Mutations

You cannot wear most types of armour.
You are amphibious.
You can wear up to eight rings at the same time.
Your skin changes colour to match your surroundings (Stealth+).
Your rubbery body absorbs attacks. (AC +1, EV +1)
((You are camouflaged when in or above water. (Stealth+)))
You have tentacles for arms and can constrict up to eight enemies at once.


Message History

Done waiting.
You climb downwards.
The orc closely misses you. The orc hits you with a +0 club.
The orc misses you. The orc hits you with a +0 club.
There is a stone staircase leading up here.
You hit the orc. Your grab misses the orc. Your squeeze misses the orc.
The orc is moderately wounded.
The orc closely misses you. The orc hits you with a +0 club.
You completely miss the orc. Your grab misses the orc.
The orc is moderately wounded.
The orc hits you with a +0 mace! The orc barely misses you.
You are too injured to fight recklessly!
You are too injured to fight recklessly!
You are too injured to fight recklessly!
Casting: Ensorcelled Hibernation (safe; 9% risk of failure)
Confirm with . or Enter, or press ? or * to list all spells.
Aiming: Ensorcelled Hibernation (safe; 9% risk of failure)
Press: ? - help, Shift-Dir - straight line, f - orc
Aim: an orc, wielding a +0 mace (moderately wounded, chance to affect: 62%)
The orc looks drowsy...
The orc closely misses you.
You hit the orc but do no damage. Your grab misses the orc.
You squeeze the orc.
The orc is severely wounded.
The orc barely misses you.
The orc shouts!
You hit the orc.
You kill the orc!
The orc hits you with a +0 mace.
* * * LOW HITPOINT WARNING * * *
You have reached level 5!
You feel clever.
You hit the orc but do no damage. Your grab misses the orc.
The orc is moderately wounded.
The orc hits you with a +0 mace.
* * * LOW HITPOINT WARNING * * *
You closely miss the orc. Your grab misses the orc.
Your squeeze misses the orc.
The orc is moderately wounded.
The orc hits you with a +0 mace.
You die...

#.#.# .. #.#.#
... #.#.# ....
#.#.###..
#.......
#######.#...#
........#...#
########.#[..##.#
#.....o@).[.....#
#.#########.##.##
... .. .#..# #
.#+## #. . .


You could see an orc.

Vanquished Creatures
  2 orc wizards
  3 adders (D:2)
  A dart slug (D:2)
  2 orcs (D:3)
  2 ball pythons
  5 bats (D:2)
  5 endoplasms
  2 giant cockroaches
  3 goblins
  5 hobgoblins
  2 kobolds (D:1)
  A quokka (D:2)
  A frilled lizard (D:1)
  2 rats (D:2)
36 creatures vanquished.

Notes
Turn   | Place    | Note
-------+----------+-------------------------------------------
     0 | D:1      | BeKind the Octopode Ice Elementalist began the quest for
                  | the Orb.
     0 | D:1      | Reached XP level 1. HP: 11/11 MP: 3/3
   291 | D:1      | Reached XP level 2. HP: 17/17 MP: 5/5
   325 | D:1      | Found Efotrece's Armour Boutique.
   410 | D:1      | Found a faded altar of an unknown god.
   923 | D:1      | Learned a level 2 spell: Ensorcelled Hibernation
  1013 | D:2      | Reached XP level 3. HP: 15/21 MP: 2/6
  1068 | D:2      | Learned a level 3 spell: Frozen Ramparts
  1361 | D:2      | Reached XP level 4. HP: 27/27 MP: 5/7
  2367 | D:3      | Reached XP level 5. HP: 8/31 MP: 6/9
  2368 | D:3      | Slain by an orc

Illustrated notes

Levels and vault maps discovered:
D:1:      saegor_arrival_simple_c, layout_basic, serial_shops,
          nicolae_square_shop, chequers_ecumenical_altar_simple,
          serial_bayou_pond_a
D:2:      layout_loops_ring
D:3:      layout_basic, mainiacjoe_overflow_catwalk,
          nicolae_ru_sacrificial_ziggurat, serial_shops,
          nicolae_shop_real_fake_doors, uniq_grinder

Skill      XL: |  1  2  3  4 |
---------------+-------------+-----
Stealth        | 3 |  3.0
Dodging        | 3 |  3.3
Spellcasting   | 3 |  3.0
Ice Magic      | |  4.7

Action                     |  1- 3 |  4- 6 || total
---------------------------+-------+-------++-------
  Melee: Unarmed           |     4 |       ||     4
         Constrict         |    10 |     8 ||    18
         Tentacles         |     7 |     7 ||    14
         Dagger            |    32 |    22 ||    54
   Cast: Freeze            |    24 |       ||    24
         Ensorcelled Hiber |       |     5 ||     5
   Stab: Sleeping          |     5 |     2 ||     7
 Armour: Skin              |    14 |    18 ||    32
  Dodge: Dodged            |    39 |    16 ||    55

Table legend: (Time is in decaauts)
 A = Elapsed time spent in this place.
 B = Non-inter-level travel time spent in this place.
 C = Inter-level travel time spent in this place.
 D = Time resting spent in this place.
 E = Time spent auto-exploring this place.
 F = Levels seen in this place.
 G = Mean time per level.
                   A        B        C        D        E       F      G
               +--------+--------+--------+--------+--------+-----+--------+
         Total |   2369 |   2135 |    234 |    501 |   1372 |   3 |  789.7 |
       Dungeon |   2369 |   2135 |    234 |    501 |   1372 |   3 |  789.7 |
               +--------+--------+--------+--------+--------+-----+--------+

Top non-repeatable levels by time:
     D:2: 1388 daAuts
     D:1: 949 daAuts
     D:3: 30 daAuts
